 Dungeon Crawl Stone Soup version 0.21.0-3-g78d12a8 (webtiles) character file.

25870 komo4ek the Summoner (level 13, -1/96 HPs)
             Began as a Human Summoner on Jan 12, 2018.
             Was the Champion of Elyvilon.
             Slain by an orc warrior
             ... wielding a +0 war axe of flaming
             ... led by an orc knight
              (13 damage)
             ... on level 1 of the Orcish Mines.
             The game lasted 01:38:43 (23520 turns).

komo4ek the Summoner (Human Summoner)              Turns: 23520, Time: 01:39:02

Health: -1/96      AC:  8    Str:  9    XL:     13   Next: 53%
Magic:  24/27      EV: 18    Int: 25    God:    Elyvilon [******]
Gold:   1100       SH:  0    Dex: 17    Spells: 17/32 levels left

rFire    . . .     SeeInvis +   x - staff of summoning
rCold    + + .     Gourm    .   (no shield)
rNeg     . . .     Faith    .   K - +2 robe {rC+}
rPois    .         Spirit   .   r - +2 hat {SInv}
rElec    .         Reflect  .   B - scarf {cloud immunity}
rCorr    .         Harm     .   (no gloves)
MR       +....                  S - +1 pair of boots "Leecupt" {rC+}
Stlth    +++.......             (no amulet)
HPRegen  0.26/turn              M - ring of Doubts {MR+ Dex+4 Stlth+}
MPRegen  0.20/turn              u - +4 ring of intelligence

@: no status effects
A: no striking features
a: Lesser Healing, Heal Other, Purification, Greater Healing, Divine Vigour,
Divine Protection, Renounce Religion


You were on level 1 of the Orcish Mines.
You worshipped Elyvilon.
Elyvilon was exalted by your worship.
You were not hungry.

You visited 4 branches of the dungeon, and saw 19 of its levels.

You collected 1100 gold pieces.

Inventory:

Hand Weapons
 e - a +1 dagger of protection
 g - a +1 spear of freezing
Missiles
 f - 3 javelins of penetration (quivered)
Armour
 a - a +0 robe
 r - a +2 hat of see invisible (worn)
 B - a scarf of cloud immunity (worn)
 K - a +2 robe of cold resistance (worn)
 S - the +1 pair of boots "Leecupt" (worn) {rC+}
   (You found it on level 12 of the Dungeon)

   It protects you from cold.
Magical Staves
 x - an uncursed staff of summoning (weapon)
Jewellery
 h - an uncursed ring of flight
 u - a +4 ring of intelligence (right hand)
 M - the ring of Doubts (left hand) {MR+ Dex+4 Stlth+}
   (You found it on level 1 of the Lair of Beasts)

   [ring of stealth]

   It affects your dexterity (+4).
   It affects your resistance to hostile enchantments.
   It makes you more stealthy.
 Q - an uncursed amulet of regeneration {unknown}
Wands
 n - a wand of polymorph (17)
 z - a wand of flame (112)
 E - a wand of acid (6)
 F - a wand of iceblast (11)
 N - a wand of digging (7)
 T - a wand of enslavement (12)
Scrolls
 d - 3 scrolls of amnesia {unknown}
 k - 2 scrolls of fear {unknown}
 q - 9 scrolls of remove curse
 s - 2 scrolls of fog {unknown}
 v - 2 scrolls of magic mapping {unknown}
 w - 4 scrolls of enchant armour
 y - a scroll of torment
 D - a scroll of immolation {unknown}
 G - 2 scrolls of identify
 L - 3 scrolls of brand weapon {unknown}
 O - a scroll of vulnerability {unknown}
 P - a scroll of summoning {unknown}
 R - a scroll of silence {unknown}
Potions
 i - 2 potions of magic
 j - a potion of curing
 l - 2 potions of agility
 m - 2 potions of brilliance
 o - 2 potions of invisibility
 p - a potion of might {unknown}
 t - 5 potions of haste
 A - a potion of heal wounds
 C - 2 potions of flight
 H - 2 potions of ambrosia
 J - 4 potions of degeneration {unknown}
Books
 b - a book of Callings

   Spells                             Type                      Level
   a - Summon Small Mammal            Summoning                    1
   b - Call Imp                       Summoning                    2
   c - Call Canine Familiar           Summoning                    3
   d - Summon Guardian Golem          Hexes/Summoning              3
   e - Summon Lightning Spire         Summoning/Air                4
   f - Summon Ice Beast               Ice/Summoning                4
 I - a book of Necromancy

   Spells                             Type                      Level
   a - Pain                           Necromancy                   1
   b - Animate Skeleton               Necromancy                   1
   c - Vampiric Draining              Necromancy                   3
   d - Regeneration                   Charms/Necromancy            3
   e - Animate Dead                   Necromancy                   4
   f - Borgnjor's Vile Clutch         Necromancy/Earth             5
   Elyvilon disapproves of the use of such an item.
Comestibles
 c - 9 rations


   Skills:
 + Level 7.4 Fighting
 + Level 8.0 Dodging
 - Level 2.0 Stealth
 + Level 10.4 Spellcasting
 * Level 11.8 Summonings
 + Level 9.0 Invocations
 + Level 7.7 Evocations


You had 17 spell levels left.
You knew the following spells:

 Your Spells              Type           Power        Failure   Level  Hunger
a - Summon Small Mammal   Summ           ####         1%          1    None
b - Call Canine Familiar  Summ           #######.     1%          3    None
c - Summon Ice Beast      Ice/Summ       ######..     4%          4    None
d - Summon Lightning Spi  Summ/Air       ######..     4%          4    None
e - Summon Guardian Gole  Hex/Summ       ######..     1%          3    None


Dungeon Overview and Level Annotations

Branches:
Dungeon (13/15)            Temple (1/1) D:4            Lair (4/6) D:10
  Swamp (0/4) Lair:2       Spider (0/4) Lair:4          Orc (1/2) D:9
 Vaults (0/5) D:13

Altars:
Ashenzari
Cheibriados
Dithmenos
Elyvilon
Fedhas
Gozag
Hepliaklqana
Makhleb
Nemelex Xobeh
Ru
Uskayaw
Vehumet
Wu Jian


Message History

There is a staircase to the Orcish Mines, spattered with blood here.
You start resting.
Your lightning spire disappears in a puff of smoke!
HP restored.
You climb downwards.
Welcome back to the Orcish Mines!
Your summoned ally is left behind.
The orc warrior hits you with a war axe of flaming!!
The orc warrior burns you!
The orc knight hits you with a dire flail!!
The orc warrior barely misses you.
An orc knight comes into view.
It is wielding a long sword of holy wrath.
There is a staircase back to the Dungeon, spattered with blood here.
The orc knight hits you with a dire flail.
The orc knight roars a battlecry!
The orcs go into a battle-frenzy!
The orc misses you.
The orc warrior hits you with a war axe of flaming!!
* * * LOW HITPOINT WARNING * * *
The orc warrior burns you!
You die...

.. .### ...# .
#### ...##..
#.o### .o....$
#o(o@##8....##
#...#o.o#).....#
#..###..(.)#
.... ##...##
#.... ##...#
##... .....#
.... ......#
.... ...#.....
..###...##


You could see 2 orc knights, 2 orc warriors and an orc.

Vanquished Creatures
  A phantom (D:4)
  An ogre (D:4)
  A crimson imp (D:6)
  2 worker ants (D:4)
  A howler monkey skeleton (D:4)
  A dart slug (D:3)
  A leopard gecko (D:1)
  An orc (D:4)
  A giant cockroach (D:3)
  2 hobgoblins
  2 jackals (D:1)
  2 quokkas (D:2)
  A ball python skeleton (D:4)
  3 goblins
  2 kobolds
  A rat (D:1)
  A plant (Lair:3)
24 creatures vanquished.

Vanquished Creatures (collateral kills)
  Gastronok (D:8)
  Kirke (Lair:4)
  4 vault guards
  A death knight (D:12)
  2 hydras
  8 two-headed ogres
  3 centaur warriors (D:13)
  The ghost of Gobbopathe the Grappler, a journeyman VSTm of Wu Jian (D:10)
  The ghost of dscm the Thaumaturge, a novice OpNe of Ashenzari (D:9)
  2 skeletal warriors
  An unseen horror (D:12)
  A lindwurm (Lair:4)
  A wolf spider zombie (D:13)
  2 oklob plants
  2 ugly things
  2 deep elf magi
  2 manticores
  3 centaur zombies
  2 gargoyles (D:13)
  7 spiny frogs
  Psyche (D:11)
  A rime drake (Lair:4)
  5 komodo dragons
  3 freezing wraiths
  5 trolls
  2 hornets
  Prince Ribbit (D:8)
  10 blink frogs
  6 hippogriffs
  A shadow (D:13)
  Sigmund (D:6)
  A spriggan (D:13)
  30 yaks
  3 hogs (Lair:4)
  2 wyverns
  A basilisk (Lair:1)
  6 vampire mosquitoes
  Menkaure (D:7)
  5 swamp worms (Lair:2)
  A warg (D:9)
  Edmund (D:6)
  An acid dragon (D:12)
  2 hell hounds (D:10)
  4 porcupines
  A swamp drake (Lair:3)
  8 water moccasins
  Duvessa (D:6)
  8 orc warriors
  A sky beast (D:12)
  3 black bears
  5 ice beasts
  An eye of draining (D:13)
  A necrophage (D:9)
  6 ogres
  16 centaurs
  7 wolves
  9 crocodiles
  A big kobold (D:7)
  12 bullfrogs
  Dowan (D:6)
  2 scorpions
  18 killer bees
  17 wights
  8 howler monkeys
  An electric eel (Lair:2)
  3 crimson imps
  2 bullfrog zombies
  A quasit (D:5)
  Crazy Yiuf (D:2)
  4 jellies
  3 centaur skeletons
  11 orc priests
  6 hounds
  3 bullfrog skeletons
  6 iguanas
  11 orc wizards
  7 worker ants
  A hound skeleton (D:6)
  4 gnolls (D:6)
  A howler monkey skeleton (D:9)
  8 adders
  A shadow imp (D:5)
  An adder zombie (D:7)
  An adder skeleton (D:9)
  4 worms
  3 leopard geckos
  51 orcs
  A ball python (D:7)
  2 giant cockroaches
  2 goblins (D:3)
  A hobgoblin (D:2)
  5 jackals
  3 quokkas
  A bat (D:1)
  7 kobolds
  A leopard gecko skeleton (D:6)
  2 quokka zombies
  A fungus (Lair:3)
  A plant (Lair:4)
428 creatures vanquished.

Vanquished Creatures (others)
  2 yaks (D:11)
  An orc warrior (D:10)
  A scorpion (D:13)
  5 fungi
  5 plants
14 creatures vanquished.

Grand Total: 466 creatures vanquished

Notes
Turn   | Place    | Note
-------+----------+-------------------------------------------
     0 | D:1      | komo4ek the Human Summoner began the quest for the Orb.
     0 | D:1      | Reached XP level 1. HP: 13/13 MP: 3/3
   334 | D:1      | Reached XP level 2. HP: 15/19 MP: 5/5
  1154 | D:2      | Reached XP level 3. HP: 15/24 MP: 3/6
  1261 | D:2      | Learned a level 3 spell: Call Canine Familiar
  1844 | D:2      | Found a runed door.
  2043 | D:2      | Noticed Crazy Yiuf
  2078 | D:2      | Killed Crazy Yiuf
  2218 | D:3      | Found a snail-covered altar of Cheibriados.
  2290 | D:3      | Reached XP level 4. HP: 30/30 MP: 3/7
  2549 | D:3      | Reached skill level 5 in Summonings
  2779 | D:4      | Noticed an ogre
  2785 | D:4      | Noticed a phantom
  2802 | D:4      | Killed an ogre
  2802 | D:4      | Reached XP level 5. HP: 15/35 MP: 7/9
  2988 | D:4      | Killed a phantom
  3038 | D:4      | Reached skill level 6 in Summonings
  3038 | D:4      | Reached XP level 6. HP: 41/41 MP: 11/11
  3082 | D:4      | Found a staircase to the Ecumenical Temple.
  3092 | Temple   | Entered the Ecumenical Temple
  3101 | Temple   | Became a worshipper of Elyvilon the Healer
  3578 | D:5      | Entered Level 5 of the Dungeon
  3594 | D:5      | Found a shattered altar of Ashenzari.
  3713 | D:5      | Found a burning altar of Makhleb.
  3821 | D:5      | Reached * piety under Elyvilon
  3844 | D:5      | Found a transporter.
  3846 | D:5      | Found a transporter.
  4419 | D:5      | Reached ** piety under Elyvilon
  4545 | D:6      | Reached XP level 7. HP: 43/46 MP: 10/12
  4630 | D:6      | Reached skill level 7 in Summonings
  4650 | D:6      | Learned a level 4 spell: Summon Ice Beast
  4730 | D:6      | Reached skill level 1 in Invocations
  5096 | D:6      | Noticed Duvessa
  5097 | D:6      | Noticed Dowan
  5136 | D:6      | Killed Duvessa
  5156 | D:6      | Killed Dowan
  5443 | D:6      | Noticed Edmund
  5464 | D:6      | Killed Edmund
  5516 | D:6      | Noticed Sigmund
  5521 | D:6      | Killed Sigmund
  5521 | D:6      | Reached XP level 8. HP: 52/52 MP: 14/14
  5566 | D:6      | Reached skill level 8 in Summonings
  6030 | D:6      | Got a scorched dagger {pierce}
  6489 | D:7      | Identified the +4 dagger of Iqaickee {pierce, Fragile rElec rF+++ MP-9} (You took it off an orc on level 6 of the Dungeon)
  6522 | D:7      | Reached skill level 1 in Evocations
  6579 | D:7      | Reached *** piety under Elyvilon
  6823 | D:7      | Got a pitted scale mail
  6853 | D:7      | Reached skill level 5 in Spellcasting
  7029 | D:7      | Got a bloodstained dagger
  7030 | D:7      | Identified the +4 dagger of the Poles {drain, +Rage rF+ rC+ Str+3} (You found it on level 7 of the Dungeon)
  7031 | D:7      | Identified the +1 scale mail of the Suburbs {Str+5} (You found it on level 7 of the Dungeon)
  7531 | D:7      | Reached XP level 9. HP: 57/57 MP: 17/17
  7831 | D:7      | Noticed Menkaure
  8053 | D:7      | Killed Menkaure
  8103 | D:8      | Noticed a two-headed ogre
  8111 | D:8      | Killed a two-headed ogre
  8111 | D:8      | Reached skill level 1 in Fighting
  8368 | D:8      | Noticed Gastronok
  8385 | D:8      | Killed Gastronok
  8613 | D:8      | Found a hide-covered altar of Uskayaw.
  8615 | D:8      | Found a shadowy altar of Dithmenos.
  8735 | D:8      | Noticed Prince Ribbit
  8763 | D:8      | Killed Prince Ribbit
  8763 | D:8      | Reached skill level 9 in Summonings
  8763 | D:8      | Reached XP level 10. HP: 68/68 MP: 10/20
  8876 | D:8      | Noticed a two-headed ogre
  8904 | D:8      | Killed a two-headed ogre
  8904 | D:8      | Reached skill level 5 in Invocations
  9159 | D:8      | Noticed a two-headed ogre
  9167 | D:8      | Killed a two-headed ogre
  9738 | D:9      | Learned a level 4 spell: Summon Lightning Spire
  9742 | D:9      | Learned a level 3 spell: Summon Guardian Golem
  9937 | D:9      | Found a staircase to the Orcish Mines.
  9937 | D:9      | Noticed dscm's ghost (novice OpNe)
  9947 | D:9      | Killed dscm's ghost
 10126 | D:10     | Entered Level 10 of the Dungeon
 10194 | D:10     | Reached **** piety under Elyvilon
 10352 | D:10     | Reached skill level 5 in Dodging
 10633 | D:10     | Noticed a five-headed hydra
 10647 | D:10     | Killed a five-headed hydra
 10647 | D:10     | Reached XP level 11. HP: 77/77 MP: 16/23
 10671 | D:10     | Noticed Gobbopathe's ghost (journeyman VSTm)
 10960 | D:10     | Killed Gobbopathe's ghost
 11013 | D:10     | Found a staircase to the Lair.
 11199 | D:11     | Reached skill level 5 in Evocations
 11418 | D:11     | Noticed Psyche
 11429 | D:11     | Killed Psyche
 11459 | D:11     | Noticed a brown ugly thing
 11469 | D:11     | Killed a brown ugly thing
 11482 | D:11     | Noticed a manticore
 11504 | D:11     | Killed a manticore
 12564 | D:12     | Reached skill level 5 in Fighting
 12908 | D:12     | Noticed a death knight
 12930 | D:12     | Noticed a brown ugly thing
 12947 | D:12     | Killed a brown ugly thing
 13190 | Lair:1   | Entered Level 1 of the Lair of Beasts
 13539 | Lair:1   | Reached skill level 10 in Summonings
 14293 | Lair:1   | Reached ***** piety under Elyvilon
 14320 | Lair:1   | Got an ancient lapis lazuli ring
 14391 | Lair:1   | Identified the ring of Doubts {MR+ Dex+4 Stlth+} (You found it on level 1 of the Lair of Beasts)
 14669 | Lair:2   | Found a sacrificial altar of Ru.
 14669 | Lair:2   | Noticed an oklob plant
 14686 | Lair:2   | Killed an oklob plant
 14772 | Lair:2   | Reached XP level 12. HP: 86/86 MP: 15/25
 15886 | Lair:2   | Found a staircase to the Swamp.
 17501 | Lair:4   | Noticed Kirke
 17542 | Lair:4   | Killed Kirke
 17703 | Lair:4   | Found a hole to the Spider Nest.
 18026 | Lair:4   | Found a hazy altar of Hepliaklqana.
 18190 | Lair:4   | Noticed a five-headed hydra
 18204 | Lair:4   | Killed a five-headed hydra
 18428 | Lair:4   | Reached skill level 10 in Spellcasting
 18949 | Lair:4   | Reached ****** piety under Elyvilon
 19210 | Orc:1    | Entered Level 1 of the Orcish Mines
 19218 | Orc:1    | Noticed a two-headed ogre
 19235 | D:9      | Killed a two-headed ogre
 19668 | D:12     | Killed a death knight
 19904 | D:12     | Reached skill level 11 in Summonings
 20172 | D:12     | Noticed an unseen horror
 20190 | D:12     | Killed an unseen horror
 20278 | D:12     | Got a pair of twisted boots
 20289 | D:12     | Identified the +1 pair of boots "Leecupt" {rC+} (You found it on level 12 of the Dungeon)
 20329 | D:12     | Reached XP level 13. HP: 95/95 MP: 20/27
 20572 | D:13     | Noticed a centaur warrior
 20590 | D:13     | Killed a centaur warrior
 20747 | D:13     | Noticed a centaur warrior
 21032 | D:13     | Killed a centaur warrior
 21245 | D:13     | Noticed a centaur warrior
 21521 | D:13     | Killed a centaur warrior
 21963 | D:13     | Found a gate to the Vaults.
 21963 | D:13     | Noticed a vault guard
 21963 | D:13     | Noticed a vault guard
 21963 | D:13     | Noticed a vault guard
 21963 | D:13     | Noticed a vault guard
 21977 | D:13     | Killed a vault guard
 22119 | D:12     | Killed a vault guard
 22256 | D:13     | Killed a vault guard
 22990 | D:13     | Killed a vault guard
 23520 | Orc:1    | Slain by an orc warrior

Skill      XL: |  1  2  3  4  5  6  7  8  9 10 11 12 13 |
---------------+----------------------------------------+-----
Summonings     | 5 6 7 8 9 10 11 | 11.8
Spellcasting   | 3 4 5 6 8 9 10 | 10.4
Invocations    | 2 3 4 6 7 8 9 |  9.0
Evocations     | 1 3 4 6 7 |  7.7
Dodging        | 4 5 6 7 8 |  8.0
Fighting       | 2 4 5 6 7 |  7.4
Stealth        | |  2.0

Action                   |  1- 3 |  4- 6 |  7- 9 | 10-12 | 13-15 || total
-------------------------+-------+-------+-------+-------+-------++-------
Melee: Dagger            |    32 |       |       |       |       ||    32
       Spear             |    27 |    10 |       |       |       ||    37
       Quarterstaff      |     7 |    15 |       |       |       ||    22
       Staff             |       |     1 |     7 |    98 |     1 ||   107
Throw: Javelin           |     3 |       |       |       |       ||     3
 Cast: Summon Small Mamm |    11 |       |     3 |     3 |       ||    17
       Call Canine Famil |     7 |    13 |    38 |   101 |    34 ||   193
       Summon Ice Beast  |       |       |    14 |   123 |    62 ||   199
       Summon Guardian G |       |       |       |    14 |     1 ||    15
       Summon Lightning  |       |       |       |    34 |    20 ||    54
Invok: Lesser Healing    |       |       |       |     2 |       ||     2
       Greater Healing   |       |       |       |     1 |       ||     1
 Abil: Evoke Flight      |       |     1 |       |       |       ||     1
  Use: Scroll            |       |       |    10 |    10 |       ||    20
       Potion            |       |       |     3 |     8 |     4 ||    15
 Stab: Sleeping          |     1 |     1 |       |       |       ||     2
       Paralysed         |       |     1 |       |       |       ||     1
  Eat: Ration            |     2 |     2 |     5 |    12 |     3 ||    24
Armor: Robe              |    21 |    15 |     6 |    16 |    16 ||    74
Dodge: Dodged            |    43 |    28 |    35 |   138 |    71 ||   315
